 Seeded DCSS version 0.29-a0-362-g5854e031c7 (webtiles) character file.

Game seed: 999999999999999999 (custom seed)

604 lucidbluej the Slasher (level 7, -3/56 (61) HPs)
             Began as a Minotaur Berserker on Apr 29, 2022.
             Was a Believer of Trog.
             Slain by a gnoll
             ... wielding a +0 spear
              (5 damage)
             ... on level 6 of the Dungeon on Apr 30, 2022.
             The game lasted 00:15:41 (3243 turns).

lucidbluej the Slasher (Minotaur Berserker)         Turns: 3243, Time: 00:15:54

HP:   -3/56 (61)    AC:  5    Str: 24    XL:     7   Next: 18%
MP:   6/6           EV: 14    Int:  4    God:    Trog [**....]
Gold: 192           SH:  7    Dex:  9    Spells: 6/6 levels left

rFire   . . .      SeeInvis .   D - +4 short sword (speed)
rCold   + . .      Faith    .   d - +0 kite shield
rNeg    . . .      Spirit   .   t - +0 leather armour {rC+}
rPois   .          Reflect  .   (helmet restricted)
rElec   .          Harm     .   r - scarf {repulsion}
rCorr   .          Rampage  .   l - +0 pair of gloves
Will    +....                   o - +0 pair of boots
Stlth   +.........              (no amulet)
HPRegen 0.18/turn               j - ring of willpower
MPRegen 0.10/turn               g - +4 ring of evasion

@: drained, repel missiles
A: horns 2, retaliatory headbutt
a: Renounce Religion, Berserk, Trog's Hand


You were on level 6 of the Dungeon.
You worshipped Trog.
Trog was pleased with you.
You visited 1 branch of the dungeon, and saw 5 of its levels.

You collected 192 gold pieces.

Inventory:

Hand Weapons
 k - a +0 giant club
 m - a +0 halberd
 p - a +0 whip
 u - a +0 halberd
 D - a +4 short sword of speed (weapon)
Missiles
 h - 123 stones (quivered)
Armour
 a - a +0 plate armour
 d - a +0 kite shield (worn)
 l - a +0 pair of gloves (worn)
 o - a +0 pair of boots (worn)
 r - a scarf of repulsion (worn)
 t - a +0 leather armour of cold resistance (worn)
Jewellery
 g - a +4 ring of evasion (right hand)
 j - a ring of willpower (left hand)
Wands
 s - a wand of flame (17)
Scrolls
 i - a scroll of brand weapon {unknown}
 n - 3 scrolls of identify {unknown}
 q - a scroll of teleportation {unknown}
 v - a scroll of fog {unknown}
 K - a scroll of holy word {unknown}
 M - a scroll of summoning {unknown}
Potions
 b - 2 potions of ambrosia {unknown}
 c - a potion of berserk rage {unknown}
 e - 2 potions of curing {unknown}


   Skills:
 + Level 5.5 Fighting
 + Level 2.9(4.5) Short Blades
 + Level 5.8(6.2) Long Blades
 + Level 3.5 Armour
 + Level 4.3 Dodging
 + Level 0.9 Stealth
 + Level 2.3 Shields


You had 6 spell levels left.
You didn't know any spells.
Your spell library was empty.

Dungeon Overview and Level Annotations

Branches:
Dungeon (4/15)
 Temple: D:4-7

Altars:

Shops:
D:1 (


Innate Abilities, Weirdness & Mutations

You have a pair of horns on your head.
You reflexively headbutt those who attack you in melee.


Message History

You hit the black bear.
The black bear is severely wounded.
The water moccasin misses you.
You closely miss the black bear.
The black bear is severely wounded.
You block the water moccasin's attack.
The wight hits you with a +3 long sword.
The black bear bites you. The black bear claws you.
The black bear claws you but does no damage.
You block the wight's attack. The wight hits you with a +3 hand axe.
You hit the black bear.
The black bear is severely wounded.
The water moccasin bites you. You block the gnoll's attack.
The black bear goes berserk!
The wight hits you with a +3 long sword!
* * * LOW HITPOINT WARNING * * *
You feel drained.
* * * LOW HITPOINT WARNING * * *
The wight closely misses you. The wight hits you with a +3 hand axe.
* * * LOW HITPOINT WARNING * * *
You feel drained.
You hit the black bear.
The black bear is almost dead.
The water moccasin bites you but does no damage.
You block the black bear's attack. The black bear closely misses you.
The black bear claws you.
* * * LOW HITPOINT WARNING * * *
The gnoll misses you. You furiously retaliate!
You headbutt the gnoll!
You kill the gnoll!
Trog accepts your kill.
The wight barely misses you. x2; The wight misses you.
As you read the scroll labelled ZIS UMETHU, it crumbles to dust.
It is a scroll of amnesia.
You feel forgetful for a moment. The water moccasin misses you.
You furiously retaliate!
You headbutt the water moccasin.
The black bear barely misses you. x2; The black bear claws you.
* * * LOW HITPOINT WARNING * * *
You block the water moccasin's attack.
The gnoll hits you from afar with a +0 spear.
You die...

#########
#..).h..#
#..z@z..#
#..gzS..#
#..g....#
#..g....#
#.......#
#.......+
#.......#
........#
#........#


You could see a water moccasin, a black bear (berserk), 3 wights and 3 gnolls.

Vanquished Creatures
  Grinder (D:3)
  An ogre (D:4)
  A phantom (D:2)
  A wight (D:6)
  Robin (D:2)
  7 gnolls
  7 adders
  2 worms
  A ball python (D:2)
  3 bats (D:1)
  5 endoplasms
  5 giant cockroaches
  16 goblins
  6 hobgoblins
  2 quokkas
  5 frilled lizards
  4 kobolds
  3 rats
71 creatures vanquished.

Notes
Turn   | Place    | Note
-------+----------+-------------------------------------------
     0 | D:1      | lucidbluej the Minotaur Berserker began the quest for the
                  | Orb.
     0 | D:1      | Reached XP level 1. HP: 19/19 MP: 0/0
   470 | D:1      | Found Renidy's Antique Weapon Emporium.
   543 | D:1      | Reached XP level 2. HP: 27/27 MP: 1/1
  1198 | D:2      | Reached XP level 3. HP: 27/33 MP: 2/2
  1354 | D:2      | Noticed a phantom
  1373 | D:2      | Killed a phantom
  1374 | D:2      | Reached XP level 4. HP: 26/41 MP: 3/3
  1493 | D:2      | Reached skill level 5 in Long Blades
  1548 | D:2      | Noticed Robin
  1551 | D:2      | Reached skill level 5 in Fighting
  1551 | D:2      | Reached XP level 5. HP: 48/48 MP: 4/4
  1554 | D:2      | Killed Robin
  1562 | D:2      | Reached skill level 1 in Shields
  1563 | D:2      | Reached ** piety under Trog
  2011 | D:2      | Found a faded altar of an unknown god.
  2277 | D:3      | Noticed Grinder
  2290 | D:3      | Paralysed by Grinder for 6 turns
  2299 | D:3      | Killed Grinder
  2300 | D:3      | Reached skill level 1 in Short Blades
  2300 | D:3      | Reached XP level 6. HP: 24/56 MP: 5/5
  2911 | D:4      | Reached XP level 7. HP: 14/61 MP: 6/6
  3233 | D:4      | You fall into a shaft and drop 2 floors!
  3243 | D:6      | HP: 2/56 [black bear (3)]
  3243 | D:6      | Slain by a gnoll

Illustrated notes

Levels and vault maps discovered:
D:1:      lemuel_arrival_broad_hall, layout_loops_ring, serial_shops,
          nicolae_square_shop
D:2:      layout_basic, shapermc_ecumenical_altar_pompeii, uniq_robin
D:3:      layout_loops_corners, nicolae_uskayaw_en_pointe,
          mainiacjoe_overflow_catwalk, uniq_grinder
D:4:      layout_cave_pools, serial_shops, shop, chequers_serial_rivers_marsh
D:6:      layout_basic, mainiacjoe_overflow_alcove_2,
          mainiacjoe_overflow_cross_hatched, serial_shops, shop, shop,
          nicolae_inconvenience_store, grunt_ministairs_8

Skill      XL: |  1  2  3  4  5  6 |
---------------+-------------------+-----
Fighting       | 4 5 |  5.5
Long Blades    | 4 5 |  5.8
Dodging        | 3 4 |  4.3
Shields        | 2 |  2.3
Short Blades   | 1 2 |  2.9
Armour         | 3 |  3.5
Stealth        | |  0.9

Action                   |  1- 3 |  4- 6 |  7- 9 || total
-------------------------+-------+-------+-------++-------
Melee: Falchion          |    52 |    30 |       ||    82
       Headbutt          |     7 |    23 |     2 ||    32
       Short sword       |       |    85 |    14 ||    99
  Use: Scroll            |       |     1 |     1 ||     2
Armor: Animal skin       |    10 |       |       ||    10
       Leather armour    |       |    27 |     5 ||    32
Dodge: Dodged            |    27 |    76 |    22 ||   125
Block: Kite shield       |    10 |    38 |    14 ||    62

Table legend: (Time is in decaauts)
 A = Elapsed time spent in this place.
 B = Non-inter-level travel time spent in this place.
 C = Inter-level travel time spent in this place.
 D = Time resting spent in this place.
 E = Time spent auto-exploring this place.
 F = Levels seen in this place.
 G = Mean time per level.
                   A        B        C        D        E       F      G
               +--------+--------+--------+--------+--------+-----+--------+
         Total |   3241 |   2718 |    523 |     56 |   1535 |   5 |  648.2 |
       Dungeon |   3241 |   2718 |    523 |     56 |   1535 |   5 |  648.2 |
               +--------+--------+--------+--------+--------+-----+--------+

Top non-repeatable levels by time:
     D:2: 1426 daAuts
     D:1: 794 daAuts
     D:3: 613 daAuts
     D:4: 400 daAuts
     D:6: 7 daAuts
